 Dungeon Sprint DCSS version 0.31-a0-276-ge00219d475 (webtiles) character file.

Game seed: 6778543714913684234

383 Conn the Arsonist (level 6, -10/54 HPs)
             Began as an Octopode Fire Elementalist on July 15, 2023.
             Mangled by a shadow (29 damage)
             ... in the Dungeon (Sprint III: "The Ten Rune Challenge").
             The game lasted 00:06:54 (408 turns).

Conn the Arsonist (Octopode Fire Elementalist)       Turns: 408, Time: 00:06:55

Health: -10/54     AC:  1    Str:  7    XL:     6   Next: 76%
Magic:  1/14       EV: 14    Int: 23    God:
Gold:   41         SH:  0    Dex: 11    Spells: 8/18 levels left

rFire   . . .        (no weapon)
rCold   . . .        (no shield)
rNeg    . . .        (helmet restricted)
rPois   .            (no amulet)
rElec   .            (no ring)
rCorr   .            (no ring)
SInv    .            (no ring)
Will    .....        (no ring) Stlth
                     (no ring)
HPRegen 1.09/turn    (no ring)
MPRegen 0.14/turn    (no ring)
                     (no ring)

%: no teleportation
@: berserking, hasted, very quick
A: almost no armour, amphibious, 8 rings, camouflage 1, gelatinous body 1,
(nimble swimmer 1), tentacles, antennae 1, clever 1, low MP 1, regeneration 1
a: no special abilities


You were in the Dungeon.
You visited 1 branch You collected 41 gold pieces.

Inventory:

Scrolls
 i - a scroll of immolation
 j - a scroll of identify
Potions
 a - 3 potions of magic
 h - 3 potions of mutation
 k - 3 potions of enlightenment


   Skills:
 + Level 4.8 Dodging
 + Level 5.0 Stealth
 + Level 6.8 Spellcasting
 + Level 4.2 Conjurations
 + Level 1.2 Hexes
 + Level 10.2 Fire Magic


You had 8 spell levels left.
You knew the following spells:

 Your Spells              Type           Power      Damage    Failure   Level
a - Foxfire               Conj/Fire      100%       2x1d9     1%          1
b - Scorch                Fire           100%       2d9       1%          2
c - Inner Flame           Hex/Fire       34%        N/A       2%          3
d - Flame Wave            Conj/Fire      41%        2d11      4%          4

Your spell library contained the following spells:

 Spells                   Type           Power      Damage    Failure   Level
 Volatile Blastmotes      Fire/Tloc      62%        2d15      2%          3


Dungeon Overview and Level Annotations

Branches:
Dungeon (1/1)

Altars:
Okawaru
Uskayaw


Innate Abilities, Weirdness & Mutations

You cannot wear most types of armour.
You are amphibious.
You can wear up to eight rings at the same time.
Your skin changes colour to match your surroundings (Stealth+).
Your rubbery body absorbs attacks. (AC +1, EV +1)
((You are camouflaged when in or above water. (Stealth+)))
You have tentacles for arms and can constrict up to eight enemies at once.
You have a pair of small antennae on your head.
Your mind is acute. (Int +4, Str/Dex -1)
Your magical capacity is low. (-10% MP)
Your natural rate of healing is unusually fast.


Message History

The water engulfing you falls away.
Flame seeps out of the human.
The human explodes!
The fiery explosion engulfs the human!!!
The fiery explosion engulfs the fire elemental.
The fire elemental completely resists.
The human explodes!
The fiery explosion engulfs the water elemental!!!
The water elemental is burned terribly!
You destroy the water elemental!
The fiery explosion engulfs the fire elemental.
The fire elemental completely resists.
Your Dodging skill increases to level 4!
Your Stealth skill gained 2 levels and is now at level 5!
Your Spellcasting skill gained 3 levels and is now at level 6!
Your Conjurations skill gained 2 levels and is now at level 4!
Your Hexes skill increases to level 1!
Your Fire Magic skill gained 4 levels and is now at level 10!
You have reached level 5!
You feel stronger.
You have reached level 6!
Press: ? - help, v - describe, . - travel
Here: a fire elemental (poison gas, summoned)
The floor.
Unknown command.
You open the door.
A jelly comes into view.
The jelly quivers.
A shadow comes into view.
There is an open door here.
Okay, then.
A red film seems to cover your vision as you go berserk!
You feel yourself moving faster!
You feel mighty!
The shadow slips into darkness.
The shadow flickers and vanishes!
Deactivating autopickup; reactivate with Ctrl-A.
You closely miss something. Your squeeze misses something.
You tentacle-slap something. The fire elemental misses you.
The shadow strikes at you from the darkness!
Ouch! That really hurt!
You die...

▓▓▓▓▓▓▓ ♣.....# ##
....♣.# #_
...♣..#{ #_ {
...♣♣.###e#☼###+##
....♣.#).○.○°....#
~...♣§'.§☼☼.○°○E.#
÷~~♣♣.#...######@#
~~....#.⌠.# #.{.#
~.....#. .# #..J#
......# # #...#
......# #...+
......# +...#
▓▓▓▓▓▓▓ ▓▓▓▓▓


You could see a deep elf pyromancer, a fire elemental (summoned) and a jelly.

Vanquished Creatures
  A water elemental (D)
  Jessica (D)
  3 humans (D)
  A wolf (D)
  An endoplasm (D)
  2 rats (D)
9 creatures vanquished.

Vanquished Creatures (others)
  26 foxfires (D)
26 creatures vanquished.

Grand Total: 35 creatures vanquished

Notes
Turn   | Place    | Note
-------+----------+-------------------------------------------
     0 | D        | Conn the Octopode Fire Elementalist began the quest for the
                  | Orb.
     0 | D        | Reached XP level 1. HP: 11/11 MP: 3/3
    43 | D        | Noticed Jessica
    47 | D        | Killed Jessica
    48 | D        | Reached skill level 5 in Fire Magic
    48 | D        | Reached XP level 2. HP: 17/17 MP: 0/6
    48 | D        | Reached XP level 3. HP: 21/21 MP: 0/7
   150 | D        | Reached skill level 6 in Fire Magic
   150 | D        | Reached XP level 4. HP: 27/27 MP: 0/9
   256 | D        | Gained mutation: You have a pair of small antennae on your
                  | head. [potion of mutation]
   256 | D        | Gained mutation: Your magical capacity is low. (-10% MP)
                  | [potion of mutation]
   256 | D        | Gained mutation: Your mind is acute. (Int +4, Str/Dex -1)
                  | [potion of mutation]
   256 | D        | Gained mutation: Your natural rate of healing is unusually
                  | fast. [potion of mutation]
   301 | D        | Learned a level 2 spell: Scorch
   305 | D        | Learned a level 3 spell: Inner Flame
   310 | D        | Learned a level 4 spell: Flame Wave
   391 | D        | Noticed a human
   391 | D        | Noticed a deep elf pyromancer
   391 | D        | Noticed a water elemental
   391 | D        | Noticed a human
   397 | D        | Noticed a fire elemental
   400 | D        | Found a hide-covered altar of Uskayaw.
   400 | D        | Found an iron altar of Okawaru.
   400 | D        | Killed a human
   400 | D        | Killed a human
   400 | D        | Killed a water elemental
   401 | D        | Reached skill level 5 in Stealth
   401 | D        | Reached skill level 1 in Hexes
   401 | D        | Reached skill level 10 in Fire Magic
   401 | D        | Reached XP level 5. HP: 6/31 MP: 0/12
   401 | D        | Reached XP level 6. HP: 8/36 MP: 0/14
   405 | D        | Noticed a shadow
   408 | D        | Mangled by a shadow

Illustrated notes

Levels and vault maps discovered:
D:        dungeon_sprint_mu [sprint_mu_entry_forest, sprint_mu_temple_rooms,
          sprint_mu_d1_horrors, sprint_mu_d2_genie, sprint_mu_d3_branching,
          sprint_mu_orc_legion, sprint_mu_elf_gauntlet, sprint_mu_hive_nellie,
          sprint_mu_lair_fedhas, sprint_mu_vaults_butterflies,
          sprint_mu_slime_circle, sprint_mu_swamp_cave, sprint_mu_snake_twists,
          sprint_mu_blade_basic, sprint_mu_crypt_lich, sprint_mu_tomb_spiral,
          sprint_mu_vestibule_basic, sprint_mu_gehenna_hellfire,
          sprint_mu_dis_giant, sprint_mu_tartarus_statrot,
          sprint_mu_cocytus_islands, sprint_mu_zot1]

Skill      XL: |  1  2  3  4 |
---------------+-------------+-----
Stealth        | 3 5 |  5.0
Spellcasting   | 3 6 |  6.8
Fire Magic     | 5 6 10 | 10.2
Dodging        | 3 4 |  4.8
Conjurations   | 2 4 |  4.2
Hexes          | 1 |  1.2

Action                     |  1- 3 |  4- 6 || total
---------------------------+-------+-------++-------
  Melee: Unarmed           |     4 |     2 ||     6
         Tentacles         |     1 |       ||     1
   Cast: Foxfire           |    13 |       ||    13
         Inner Flame       |       |     2 ||     2
         Scorch            |       |     1 ||     1
         Flame Wave        |       |     1 ||     1
    Use: Scroll            |       |     6 ||     6
         Potion            |       |     5 ||     5
  Dodge: Dodged            |     4 |     2 ||     6

Table legend: (Time is in decaauts)
 A = Elapsed time spent in this place.
 B = Non-inter-level travel time spent in this place.
 C = Inter-level travel time spent in this place.
 D = Time resting spent in this place.
 E = Time spent auto-exploring this place.
 F = Levels seen in this place.
 G = Mean time per level.
                   A        B        C        D        E       F      G
               +--------+--------+--------+--------+--------+-----+--------+
         Total |    403 |    403 |      0 |    159 |      0 |   1 |  403.0 |
       Dungeon |    403 |    403 |      0 |    159 |      0 |   1 |  403.0 |
               +--------+--------+--------+--------+--------+-----+--------+

Top non-repeatable levels by time:
       D: 403 daAuts
